 Dungeon Crawl Stone Soup version 0.19-a0-376-gf780d9b (webtiles) character file.

361 mistymad the Sneak (level 6, 0/47 HPs)
             Began as a Vampire Enchanter on May 30, 2016.
             Slain by tstbtto's ghost (2 damage)
             ... on level 3 of the Dungeon.
             The game lasted 00:14:47 (3577 turns).

mistymad the Sneak (Vampire Enchanter)              Turns: 3577, Time: 00:14:48

Health: 0/47       AC:  4    Str:  7    XL:     6   Next: 38%
Magic:  2/10       EV: 14    Int: 22    God:
Gold:   94         SH:  0    Dex: 17    Spells: 4 memorised, 2 levels left

rFire  . . .     SeeInvis +     a - +1 dagger
rCold  + . .     Gourm    .     b - +1 robe
rNeg   + + .     Faith    .     (no shield)
rPois  +         Spirit   .     (no helmet)
rElec  .         Dismiss  .     k - +0 cloak
rCorr  .         Reflect  .     (no gloves)
SustAt .         Harm     .     (no boots)
MR     .....                    (no amulet)
Stlth  ++++......               (no ring)
                                (no ring)

@: brilliant, very slightly contaminated, regenerating slowly, not resistant to
hostile enchantments, stealthy
A: fangs 3, see invisible, unbreathing
a: Bat Form


You were on level 3 of the Dungeon.
You were very thirsty.

You visited 1 branch of the dungeon, and saw 4 of its levels.

You collected 94 gold pieces.

Inventory:

Hand Weapons
 a - a +1 dagger (weapon)
Armour
 b - a +1 robe (worn)
 k - a +0 cloak (worn)
Jewellery
 g - an uncursed ring of ice {unknown}
 j - an uncursed ring of fire {unknown}
 n - an uncursed amulet of harm {unknown}
Scrolls
 e - a scroll of identify {unknown}
 f - a scroll of remove curse {unknown}
 i - a scroll of fog {unknown}
 l - 3 scrolls of teleportation {unknown}
 m - a scroll of magic mapping {unknown}
 o - a scroll of recharging {unknown}
 p - a scroll of enchant weapon {unknown}
Potions
 d - 10 potions of blood
Books
 c - a book of Maledictions

   Spells                             Type                      Level
   a - Corona                         Hexes                        1
   b - Ensorcelled Hibernation        Hexes/Ice                    2
   c - Confuse                        Hexes                        3
   d - Tukima's Dance                 Hexes                        3
   e - Dazzling Spray                 Conjuration/Hexes            3


   Skills:
 * Level 3.1 Fighting
 + Level 2.9 Short Blades
 + Level 3.2 Dodging
 + Level 5.6 Stealth
 + Level 3.0 Spellcasting
 + Level 5.5 Hexes


You had 2 spell levels left.
You knew the following spells:

 Your Spells              Type           Power        Failure   Level  Hunger
a - Corona                Hex            #####..      1%          1    None
b - Ensorcelled Hibernat  Hex/Ice        ####..       1%          2    ##.....
c - Confuse               Hex            #####...     1%          3    ###....
d - Tukima's Dance        Hex            #####...     1%          3    ###....


Dungeon Overview and Level Annotations

Branches:
Dungeon (4/15)
 Temple: D:4-7

Altars:
Dithmenos
Sif Muna
Ukayaw

Annotations:
D:3 tstbtto's ghost, amateur MiCK


Innate Abilities, Weirdness & Mutations

You heal slowly.
You have razor-sharp teeth.
You have supernaturally acute eyesight. (SInv)
You can survive without breathing.


Message History

The orc wizard hits you but does no damage.
A giant cockroach comes into view.
The giant cockroach moves out of view.
The orc wizard barely misses you.
The orc wizard mumbles some strange words.
The orc wizard blinks!
You hit the orc wizard but do no damage.
The orc wizard hits you with a dagger.
* * * LOW HITPOINT WARNING * * *
You take 2 damage, and have 1/47 hp.
You hit the orc wizard.
The orc wizard is lightly wounded.
The orc wizard barely misses you.
Tstbtto's ghost screams, "You must not succeed where I failed!"
Tstbtto's ghost misses you.
Okay, then.
It was a potion of brilliance.
You feel clever all of a sudden. The orc wizard barely misses you.
The orc wizard closely misses you. Tstbtto's ghost hits you.
You die...

#.....# #..##.# #.###.#
#.# #>###.### #.#
#........
#####.###.###.###
#.........#. ..###
#.##.####W#.# #... #. #.#
#@#.# #.. #.##.# #o#.###.#
#.##.# ##.#.....########
#.##.###.s..##..........
#(##.##..........# #.
#.##.##.....#....#### ##.
#.#.#.....#.........####..
#..###.##.#...............
#.## ##.#.#.........#####.


You could see an orc wizard, tstbtto's ghost and a giant cockroach.

Vanquished Creatures
  A scorpion (D:3)
  A howler monkey (D:4)
  An orc priest (D:4)
  An orc wizard (D:4)
  4 adders
  4 worms
  3 dart slugs (D:1)
  A giant gecko (D:2)
  5 orcs (D:4)
  10 bats
  6 giant cockroaches
  11 goblins
  7 hobgoblins
  9 jackals
  7 kobolds
  A quokka (D:3)
  2 ball pythons (D:2)
  3 giant newts
  6 rats
83 creatures vanquished.

Vanquished Creatures (collateral kills)
  An ogre (D:4)
1 creature vanquished.

Grand Total: 84 creatures vanquished

Notes
Turn   | Place    | Note
--------------------------------------------------------------
     0 | D:1      | mistymad the Vampire Enchanter began the quest for the Orb.
     0 | D:1      | Reached XP level 1. HP: 13/13 MP: 3/3
   102 | D:1      | Reached XP level 2. HP: 20/20 MP: 1/5
   110 | D:1      | Reached skill level 1 in Fighting
   611 | D:1      | Learned a level 2 spell: Ensorcelled Hibernation
   643 | D:1      | Reached XP level 3. HP: 23/26 MP: 6/6
  1249 | D:2      | Learned a level 3 spell: Confuse
  1351 | D:2      | Found a shadowy altar of Dithmenos.
  1412 | D:2      | Reached XP level 4. HP: 31/33 MP: 2/7
  1435 | D:2      | Found a hide-covered altar to Ukayaw.
  1461 | D:2      | Found a deep blue altar of Sif Muna.
  2385 | D:3      | Reached skill level 5 in Stealth
  2799 | D:3      | Noticed tstbtto's ghost (amateur MiCK)
  2814 | D:3      | Reached XP level 5. HP: 39/39 MP: 7/9
  2820 | D:3      | Learned a level 3 spell: Tukima's Dance
  3349 | D:4      | Noticed an ogre
  3357 | D:4      | Killed an ogre
  3357 | D:4      | Reached skill level 5 in Hexes
  3474 | D:4      | Reached XP level 6. HP: 34/46 MP: 7/10
  3575 | D:3      | HP: 1/47 [orc wizard/dagger (2)]
  3577 | D:3      | Slain by tstbtto's ghost

Vault maps used:
D:1:      dpeg_arrival_refuge, minmay_misc_feat_chi
D:2:      nicolae_overflow_crystal_walls, overflow_temple_1_default,
          minmay_crystal_room, nicolae_dithmenos_shadow_blocks
D:3:      first_bread, corexii_corridor_pit, patterned_corridor
D:4:      good_gods_temple_1, grunt_temple_overflow_growth_and_decay,
          uniq_grinder, uniq_robin, uniq_menkaure

Skill      XL: |  1  2  3  4  5  6 |
---------------+-------------------+-----
Fighting       | 1 2 3 |  3.1
Short Blades   | 2 |  2.9
Stealth        | 5 |  5.6
Dodging        | 3 |  3.2
Hexes          | 5 |  5.5
Spellcasting   | 3 |  3.0

Action                   |  1- 3 |  4- 6 || total
-------------------------+-------+-------++-------
Melee: Dagger            |   145 |   218 ||   363
       Bite              |    12 |    14 ||    26
 Cast: Corona            |     5 |       ||     5
       Ensorcelled Hiber |     4 |    11 ||    15
       Confuse           |     1 |    11 ||    12
       Tukima's Dance    |       |     1 ||     1
  Use: Potion            |       |     5 ||     5
 Stab: Sleeping          |     5 |    14 ||    19
       Confused          |       |     2 ||     2
Armor: Robe              |    23 |    53 ||    76
Dodge: Dodged            |   107 |   151 ||   258
